 Dungeon Crawl Stone Soup version 0.30-a0-986-g7f2e898f52 (webtiles) character file.

Game seed: 13178633602435342447

102 CoinPitGoblin the Magician (level 4, -2/31 HPs)
             Began as a Demonspawn Fire Elementalist on Apr 2, 2023.
             Was an Initiate of Makhleb.
             Slain by a gnoll
             ... wielding a +0 flail
              (12 damage)
             ... on level 3 of the Dungeon.
             The game lasted 00:07:44 (3154 turns).

CoinPitGoblin the Magician (DsFE)                   Turns: 3154, Time: 00:07:45

Health: -2/31      AC:  3    Str:  8    XL:     4   Next: 49%
Magic:  6/10       EV: 12    Int: 19    God:    Makhleb [......]
Gold:   88         SH:  0    Dex: 13    Spells: 10/11 levels left

rFire   . . .      SeeInvis .    r - +2 dagger (venom)
rCold   . . .      Faith    .    (no shield)
rNeg    . . .      Spirit   .    a - +0 robe
rPois   .          Reflect  .    (no helmet)
rElec   .          Rampage  .    (no cloak)
rCorr   .                        (no gloves)
Will    .....                    (no boots)
Stlth   ++                       (no amulet)
HPRegen 0.25/turn                (no ring)
MPRegen 0.12/turn                (no ring)

@: no status effects
A: foul stench 1, sharp scales 1
a: Renounce Religion


You were on level 3 of the Dungeon.
You worshipped Makhleb.
Makhleb was noncommittal.
You visited 1 branch of the dungeon, and saw 3 of its levels.

You collected 88 gold pieces.

Inventory:

Hand Weapons
 d - a +0 short sword
 r - a +2 dagger of venom (weapon)
Armour
 a - a +0 robe (worn)
Jewellery
 j - a ring of flight
 l - a +6 ring of strength
Scrolls
 c - a scroll of teleportation {unknown}
 e - a scroll of torment {unknown}
 h - a scroll of acquirement {unknown}
 i - 2 scrolls of identify {unknown}
 k - a scroll of noise {unknown}
 n - a scroll of fear {unknown}
 o - a scroll of silence {unknown}
 s - a scroll of immolation {unknown}
Potions
 b - a potion of magic
 f - 2 potions of curing
 g - a potion of flight {unknown}
 m - 2 potions of degeneration {unknown}
 p - a potion of attraction {unknown}
 q - a potion of berserk rage {unknown}


   Skills:
 + Level 0.4 Fighting
 + Level 2.3 Dodging
 - Level 1.7 Stealth
 + Level 4.1 Spellcasting
 - Level 1.0 Conjurations
 - Level 2.6 Fire Magic


You had 10 spell levels left.
You knew the following spells:

 Your Spells              Type           Power      Damage    Failure   Level
a - Foxfire               Conj/Fire      40%        2x1d4     6%          1

Your spell library contained the following spells:

 Spells                   Type           Power      Damage    Failure   Level
 Scorch                   Fire           28%        2d6       7%          2
 Inner Flame              Hex/Fire       9%         N/A       24%         3
 Kindle Blastsparks       Fire/Tloc/Air  14%        2d11      28%         3
 Flame Wave               Conj/Fire      10%        2d6       54%         4


Dungeon Overview and Level Annotations

Branches:
Dungeon (3/15)

Altars:
Makhleb
Xom

Annotations:
D:3 Natasha


Innate Abilities, Weirdness & Mutations

You may rarely emit foul miasma when damaged in melee.
You are partially covered in razor-sharp scales. (AC +1, Slay +1)


Message History

Your foxfire dissipates!
Your foxfire dissipates!
Your foxfire dissipates! x2
Your foxfire dissipates!
s - a scroll labelled SOERRIEDIV As you open the door, it creaks loudly! 2 gnolls, a goblin and a frilled lizard come into view.
The frilled lizard hisses angrily.
You hear a shout!
The gnoll shouts!
The goblin shouts!
A gnoll comes into view. It is wielding a +0 flail.
There are monsters nearby!
There are monsters nearby!
You conjure some foxfire!
The foxfire hits the gnoll.
The gnoll is lightly wounded.
You conjure some foxfire!
The foxfire hits the gnoll.
The gnoll is lightly wounded.
You conjure some foxfire!
The foxfire hits the frilled lizard.
You kill the frilled lizard!
Makhleb accepts your kill.
The foxfire hits the gnoll but does no damage.
The gnoll is lightly wounded.
The gnoll hits you with a +0 flail.
You conjure some foxfire!
The foxfire hits the gnoll.
The gnoll is heavily wounded.
The foxfire hits the gnoll.
The gnoll is severely wounded.
The gnoll hits you with a +0 flail! x2
You are too injured to fight recklessly!
You are too injured to fight recklessly!
Your foxfire dissipates!
The foxfire hits the gnoll.
The gnoll is almost dead.
Natasha, Servant of Life and Death comes into view.
The gnoll hits you but does no damage. The gnoll attacks as you move away!
The gnoll hits you with a +0 flail!
* * * LOW HITPOINT WARNING * * *
The gnoll attacks as you move away! The gnoll barely misses you.
The gnoll attacks as you move away! The gnoll barely misses you.
It was a potion of curing.
You feel better. The gnoll hits you with a +0 flail!
You die...

... ...h ##...##+###
..........#
.......... .... ..g.
.....##g########
........gg@....#
.........g####.#
..........# #.#
####......# #.#
####.### #.# #.# #.#
#.######.##
#.........###########
#.........'..........


You could see 3 gnolls and a goblin.

Vanquished Creatures
  3 adders
  A worm (D:2)
  2 dart slugs
  4 orcs (D:3)
  7 bats
  7 endoplasms
  3 giant cockroaches
  4 goblins
  6 hobgoblins
  6 kobolds
  5 quokkas
  5 ball pythons
  A frilled lizard (D:3)
  4 rats
58 creatures vanquished.

Vanquished Creatures (others)
  221 foxfires
221 creatures vanquished.

Grand Total: 279 creatures vanquished

Notes
Turn   | Place    | Note
-------+----------+-------------------------------------------
     0 | D:1      | CoinPitGoblin the Demonspawn Fire Elementalist began the
                  | quest for the Orb.
     0 | D:1      | Reached XP level 1. HP: 13/13 MP: 3/3
   313 | D:1      | Gained mutation: You are partially covered in razor-sharp
                  | scales. (AC +1, Slay +1) [demonic ancestry]
   313 | D:1      | Reached XP level 2. HP: 19/19 MP: 0/5
  1310 | D:2      | Reached skill level 3 in Spellcasting
  1364 | D:2      | Reached XP level 3. HP: 24/24 MP: 0/7
  1887 | D:2      | Gained mutation: You may rarely emit foul miasma when
                  | damaged in melee. [demonic ancestry]
  1887 | D:2      | Reached XP level 4. HP: 22/30 MP: 9/9
  2518 | D:2      | Found a burning altar of Makhleb.
  2751 | D:2      | Became a worshipper of Makhleb the Destroyer
  2897 | D:3      | Found a shimmering altar of Xom.
  3072 | D:3      | Reached skill level 4 in Spellcasting
  3151 | D:3      | Noticed Natasha
  3154 | D:3      | Slain by a gnoll

Illustrated notes

Levels and vault maps discovered:
D:1:      lightli_iron_boxes, layout_loops_ring
D:2:      layout_basic, basic_altar, st_stairs_5, minmay_misc_feat_alley,
          minmay_pentomino_pile
D:3:      layout_basic, overflow_temple_1_default, lemuel_doored_altar,
          chequers_ecumenical_altar_twisty, uniq_natasha, uniq_terence

Skill      XL: |  1  2  3  4 |
---------------+-------------+-----
Dodging        | 2 |  2.3
Spellcasting   | 3 4 |  4.1
Fighting       | |  0.4
Stealth        | |  1.7
Conjurations   | |  1.0
Fire Magic     | |  2.6

Action                     |  1- 3 |  4- 6 || total
---------------------------+-------+-------++-------
  Melee: Short sword       |    23 |       ||    23
   Cast: Foxfire           |    85 |    47 ||   132
    Use: Potion            |       |     1 ||     1
   Stab: Sleeping          |     1 |       ||     1
 Armour: Robe              |     5 |     1 ||     6
  Dodge: Dodged            |    22 |     7 ||    29

Table legend: (Time is in decaauts)
 A = Elapsed time spent in this place.
 B = Non-inter-level travel time spent in this place.
 C = Inter-level travel time spent in this place.
 D = Time resting spent in this place.
 E = Time spent auto-exploring this place.
 F = Levels seen in this place.
 G = Mean time per level.
                   A        B        C        D        E       F      G
               +--------+--------+--------+--------+--------+-----+--------+
         Total |   3155 |   2862 |    293 |     26 |   2442 |   3 | 1051.7 |
       Dungeon |   3155 |   2862 |    293 |     26 |   2442 |   3 | 1051.7 |
               +--------+--------+--------+--------+--------+-----+--------+

Top non-repeatable levels by time:
     D:2: 1560 daAuts
     D:1: 1297 daAuts
     D:3: 297 daAuts
